AoeStats
← Bandolero

Arabia

509012859Analyzed
1v1 RM · 6d ago on Sep 25, 2026· 54m 8s· 2 players
Game mode
Random Map
Map size
Tiny (2 player)
Population
200
Speed
Normal
Resources
Standard
Victory
Conquest
Starting age
Dark Age
Ending age
Imperial Age
RankedLock teamsTeams togetherTeam positionsShared explorationLock speedFull tech treeHidden civsTurbo modeCheats
Victory
Defeat
🇺🇸 Japanese · United States
1364
+18
🇦🇷 Vietnamese · Argentina
1403
-18
JermWorm
7:10 Loom
9:12 Feudal Age
9:57 Double-Bit Axe
9:50 Man-at-Arms
16:53 Fletching
24:12 Castle Age
22:44 Horse Collar
23:39 Scale Barding Armor
24:20 Bloodlines
24:14 Crossbowman
24:51 Bodkin Arrow
26:58 Pikeman
32:58 Town Watch
33:49 Wheelbarrow
35:36 Hand Cart
35:56 Arson
36:12 Squires
41:24 Imperial Age
39:42 Husbandry
41:58 Scale Mail Armor
42:09 Forging
41:48 Capped Ram
46:50 Kataparuto
46:23 Gold Mining
47:22 Conscription
46:29 Halberdier
49:32 Chain Mail Armor
49:52 Iron Casting
50:06 Elite Samurai
Bandolero
6:35 Loom
9:04 Feudal Age
9:33 Double-Bit Axe
15:36 Fletching
24:20 Castle Age
23:03 Padded Archer Armor
23:58 Gold Mining
24:20 Elite Skirmisher
25:53 Bloodlines
25:44 Husbandry
26:00 Bodkin Arrow
29:19 Town Watch
33:08 Forging
35:42 Leather Archer Armor
38:54 Wheelbarrow
42:27 Imperial Age
44:08 Chemistry
43:56 Hand Cart
45:33 Stone Mining
45:57 Bloodlines
46:40 Ballistics
46:32 Bracer
47:03 Ring Archer Armor
47:15 Scale Barding Armor
47:34 Bow Saw
49:49 Elite Rattan Archer
51:08 Chain Barding Armor
51:24 Iron Casting
Connection lost

Rejoining the realm…

Still unreachable

The connection could not be restored.

Session expired

The server has moved on; the page needs a fresh start.